 Dungeon Crawl Stone Soup version 0.27.0-1-g7a089689b8 (webtiles) character file.

Game seed: 11499785441484968249

312 Acheron the Covered (level 6, -6/53 HPs)
             Began as a Minotaur Fighter on Aug 2, 2021.
             Was a Believer of the Shining One.
             Succumbed to Duvessa's poison
             ... on level 4 of the Dungeon.
             The game lasted 00:09:37 (2092 turns).

Acheron the Covered (Minotaur Fighter)              Turns: 2092, Time: 00:09:37

Health: -6/53      AC: 11    Str: 20    XL:     6   Next: 18%
Magic:  5/5        EV:  8    Int:  6    God:    the Shining One [**....]
Gold:   165        SH: 11    Dex: 16    Spells: 5/5 levels left

rFire    . . .     SeeInvis .   a - +0 war axe
rCold    . . .     Faith    .   c - +1 kite shield
rNeg     + . .     Spirit   .   b - +0 scale mail
rPois    .         Reflect  .   (helmet restricted)
rElec    .         Harm     .   i - +2 cloak
rCorr    .         Rampage  .   g - +0 pair of gloves of Zeexiaf {Drain Regen+ Dex+5 Stlth+}
Will     .....                  (no boots)
Stlth    +.........             (no amulet)
HPRegen  1.17/turn              (no ring)
MPRegen  0.09/turn              (no ring)

@: mighty, lethally poisoned (-6 -> -37), about to teleport, glowing
A: horns 2, retaliatory headbutt
a: Renounce Religion, Divine Shield


You were on level 4 of the Dungeon.
You worshipped the Shining One.
The Shining One was pleased with you.
You visited 1 branch of the dungeon, and saw 4 of its levels.

You collected 165 gold pieces.

Inventory:

Hand Weapons
 a - a +0 war axe (weapon)
 p - a +0 vorpal hand axe
Missiles
 h - 32 poisoned darts (quivered)
Armour
 b - a +0 scale mail (worn)
 c - a +1 kite shield (worn)
 g - the +0 pair of gloves of Zeexiaf (worn) {Drain Regen+ Dex+5 Stlth+}
   (You acquired it on level 4 of the Dungeon)

   Dex:       It affects your dexterity (+5).
   Regen:     It increases your rate of health regeneration.
   Drain:     It drains your maximum health when unequipped.
   Stlth:     It makes you more stealthy.
 i - a +2 cloak (worn)
 r - a scarf of invisibility
Scrolls
 f - a scroll of teleportation
Potions
 j - 3 potions of curing
 l - a potion of brilliance {unknown}
 q - a potion of mutation {unknown}


   Skills:
 * Level 4.4 Fighting
 * Level 4.8 Axes
 * Level 0.1 Throwing
 * Level 5.0 Armour
 * Level 1.7 Dodging
 * Level 1.3 Stealth
 * Level 4.5 Shields
 * Level 0.1 Invocations
 * Level 0.1 Evocations


You had 5 spell levels left.
You didn't know any spells.
Your spell library was empty.

Dungeon Overview and Level Annotations

Branches:
Dungeon (4/15)
 Temple: D:4-7

Altars:
Ashenzari
Trog
The Shining One

Annotations:
D:4 Duvessa


Innate Abilities, Weirdness & Mutations

You have a pair of horns on your head.
You reflexively headbutt those who attack you in melee.


Message History

Dowan is moderately wounded.
You hit Duvessa but do no damage.
You feel sick. Dowan hits you but does no damage.
Duvessa hits you but does no damage. Dowan hits you with a +0 dagger.
You hit Dowan. You headbutt Dowan.
Dowan is heavily wounded.
You hit Duvessa but do no damage.
You feel sick. You block Duvessa's attack. You block Dowan's attack.
Duvessa zaps a wand.
The puff of flame misses you.
You feel very mighty all of a sudden.
You feel sick. You block Dowan's attack.
Duvessa hits you with a +1 short sword of venom!
You are more poisoned.
You slash Dowan!
You kill Dowan!
Duvessa screams, "No!
How DARE you!"
Duvessa goes berserk!
You hit Duvessa.
You feel very sick.
Duvessa hits you with a +1 short sword of venom.
You are more poisoned.
You block Duvessa's attack.
Your Armour skill increases to level 5!
You hit Duvessa.
Duvessa is moderately wounded.
You feel very sick. You block Duvessa's attack.
Duvessa hits you with a +1 short sword of venom!
* * * LOW HITPOINT WARNING * * *
You are lethally poisoned!
You slash Duvessa!
Duvessa is heavily wounded.
* * * LOW HITPOINT WARNING * * *
You feel extremely sick. Duvessa hits you but does no damage.
You block Duvessa's attack.
Duvessa hits you with a +1 short sword of venom.
The Shining One protects you from harm!
You are more poisoned.
Okay, then.
As you read the scroll of teleportation, it crumbles to dust.
You feel strangely unstable.
You die...

.......................#
#..#.#
.......................#
##.#.##
.#.......####..........#
#...##
.#.......####..........#
##..##
.#..........'..........#
####..##
.#.......####..........#
#.....## ..........#
#..........# #....>''
#########.# #..).......#
#.....## #.#
#..e@......# #.....##
#.# ##'#########
#.....## ###+####.#
####### .......#.#
.......#e########
.................
.......)...e.....
...............e.
#######.....!....


You could see Duvessa (berserk).

Vanquished Creatures
  An ogre (D:4)
  A water moccasin zombie (D:4)
  Dowan (D:4)
  A hound (D:4)
  A hound skeleton (D:4)
  3 adders (D:3)
  An ufetubus (D:4)
  A worm (D:2)
  An orc (D:3)
  3 ball pythons
  2 endoplasms (D:2)
  5 giant cockroaches
  3 goblins
  8 hobgoblins
  2 quokkas
  3 bats
  5 frilled lizards
  5 kobolds
  8 rats
55 creatures vanquished.

Notes
Turn   | Place    | Note
-------+----------+-------------------------------------------
     0 | D:1      | Acheron the Minotaur Fighter began the quest for the Orb.
     0 | D:1      | Reached XP level 1. HP: 19/19 MP: 0/0
   110 | D:1      | Reached XP level 2. HP: 27/27 MP: 1/1
   122 | D:2      | Found a bloodstained altar of Trog.
   486 | D:2      | Found a faded altar of an unknown god.
   493 | D:2      | Became a worshipper of the Shining One
   493 | D:2      | Reached * piety under the Shining One
   498 | D:2      | Reached skill level 4 in Armour
   542 | D:1      | Reached XP level 3. HP: 33/33 MP: 2/2
  1501 | D:3      | Reached skill level 1 in Dodging
  1532 | D:3      | Reached XP level 4. HP: 40/40 MP: 3/3
  1574 | D:4      | Identified a scroll of acquirement
  1574 | D:4      | Acquired the +0 pair of gloves of Zeexiaf {Drain Regen+
                  | Dex+5 Stlth+}
  1679 | D:4      | Found a broken altar of Ashenzari.
  2004 | D:4      | Noticed an ogre
  2004 | D:4      | Reached ** piety under the Shining One
  2010 | D:4      | Killed an ogre
  2011 | D:4      | Reached skill level 1 in Stealth
  2011 | D:4      | Reached XP level 5. HP: 26/47 MP: 4/4
  2015 | D:4      | Reached XP level 6. HP: 31/53 MP: 5/5
  2015 | D:4      | Noticed Duvessa
  2015 | D:4      | Noticed Dowan
  2089 | D:4      | Killed Dowan
  2090 | D:4      | Reached skill level 5 in Armour
  2091 | D:4      | HP: 1/53 [poisoned by Duvessa]
  2091 | D:4      | The Shining One protects you from harm!
  2092 | D:4      | Succumbed to Duvessa's poison

Illustrated notes

Levels and vault maps discovered:
D:1:      tarquinn_simple_flora_water_d, layout_rooms,
          chequers_serial_rivers_micro_c
D:2:      layout_basic, basic_altar, ebering_ecumenical_altar_abandoned
D:3:      corexii_shack_village, layout_rooms, minmay_misc_feat_five,
          kennysheep_cross_bottleneck, grunt_decor_fettered
D:4:      layout_basic, nicolae_ashenzari_skybound, uniq_duvessa

Skill      XL: |  1  2  3  4  5  6 |
---------------+-------------------+-----
Shields        | 4 |  4.5
Armour         | 4 5 |  5.0
Fighting       | 4 |  4.4
Axes           | 3 4 |  4.8
Dodging        | 1 |  1.7
Stealth        | 1 |  1.3
Throwing       | |  0.1
Invocations    | |  0.1
Evocations     | |  0.1

Action                   |  1- 3 |  4- 6 || total
-------------------------+-------+-------++-------
Melee: War axe           |    74 |    29 ||   103
       Headbutt          |     7 |     5 ||    12
  Use: Scroll            |       |     9 ||     9
       Potion            |       |     1 ||     1
Armor: Scale mail        |    32 |    14 ||    46
Dodge: Dodged            |    24 |     8 ||    32
Block: Kite shield       |    36 |    22 ||    58
